 Dungeon Crawl Stone Soup version 0.23.2-1-ga50397a6bc (webtiles) character file.

Game seed: 10238878355383111669

205 PentaManta the Ducker (level 5, -2/61 HPs)
             Began as a Merfolk Monk on June 2, 2019.
             Killed by divine providence
             ... invoked by an orc priest
              (12 damage)
             ... on level 4 of the Dungeon.
             The game lasted 00:05:47 (2316 turns).

PentaManta the Ducker (Merfolk Monk)                Turns: 2316, Time: 00:05:48

Health: -2/61      AC: 22    Str: 11    XL:     5   Next: 83%
Magic:  5/5        EV:  2    Int:  9    God:
Gold:   99         SH:  0    Dex: 18    Spells: 4/4 levels left

rFire    . . .     SeeInvis .   a - +1 falchion
rCold    . . .     Gourm    .   (no shield)
rNeg     + + +     Faith    .   (armour currently unavailable)
rPois    +         Spirit   .   (helmet currently unavailable)
rElec    .         Reflect  .   (cloak currently unavailable)
rCorr    .         Harm     .   (gloves currently unavailable)
MR       .....     NoTele   +   (boots currently unavailable)
Stlth    ++........             (no amulet)
HPRegen  0.20/turn              j - +5 ring of evasion
MPRegen  0.09/turn              (no ring)

@: tree-form
A: (change form in water), (swift swim), (stealthy swim)
a: no special abilities


You were on level 4 of the Dungeon.
You were hungry.
You were a tree.
You visited 1 branch of the dungeon, and saw 4 of its levels.

You collected 99 gold pieces.

Inventory:

Hand Weapons
 a - a +1 falchion (weapon)
 f - a +0 short sword
Missiles
 b - 121 stones (quivered)
Armour
 g - +1 swamp dragon scales
 i - a cursed +0 leather armour (melded)
Jewellery
 j - a +5 ring of evasion (left branch)
Scrolls
 m - a scroll of enchant weapon
Potions
 h - a potion of brilliance
 k - a potion of lignification
Comestibles
 c - 5 rations


   Skills:
 - Level 3.2 Fighting
 + Level 5.4 Long Blades
 + Level 6.5 Dodging
 - Level 2.1 Stealth


You had 4 spell levels left.
You didn't know any spells.
Your spell library was empty.

Dungeon Overview and Level Annotations

Branches:
Dungeon (4/15)
 Temple: D:4-7

Altars:
Ru
Wu Jian


Message History

You hit the orc priest but do no damage.
The orc priest is heavily wounded.
The orc priest completely misses you.
The orc priest hits you but does no damage.
You hit the orc priest.
The orc priest is heavily wounded.
You feel sick.
You are no longer poisoned.
The orc priest hits you but does no damage. x2
You hit the orc priest.
The orc priest is severely wounded.
The orc priest hits you but does no damage.
You hit the orc priest but do no damage.
The orc priest is severely wounded.
The orc priest hits you but does no damage. x2
You hit the orc priest but do no damage.
The orc priest is severely wounded.
The orc priest calls down the wrath of Beogh upon you.
Beogh smites you!
You die...

###............
#.......#####
##.....## ##....#
##.#.# #### #.#.#
....# ###.#.######
...... #...oo.....#
#.....####.#♣###...
#......#.o.#.#
#...oo.###.#
######## #.# #.#
..# ###


You could see 2 orc priests.

Vanquished Creatures
  2 orc priests (D:3)
  6 adders
  An ooze (D:2)
  A worm (D:3)
  2 dart slugs (D:2)
  5 leopard geckos
  11 orcs
  7 bats
  2 goblins
  4 hobgoblins
  4 jackals (D:2)
  8 kobolds
  A ball python (D:1)
  9 frilled lizards
  A jackal skeleton (D:4)
  8 rats
72 creatures vanquished.

Notes
Turn   | Place    | Note
-------+----------+-------------------------------------------
     0 | D:1      | PentaManta the Merfolk Monk began the quest for the Orb.
     0 | D:1      | Reached XP level 1. HP: 18/18 MP: 1/1
   316 | D:1      | Reached XP level 2. HP: 22/24 MP: 2/2
   818 | D:2      | Reached XP level 3. HP: 24/29 MP: 3/3
   862 | D:2      | Found an ornate altar of the Wu Jian Council.
   868 | D:2      | Reached skill level 5 in Dodging
  1017 | D:2      | Reached XP level 4. HP: 35/35 MP: 4/4
  1573 | D:3      | Reached XP level 5. HP: 31/41 MP: 5/5
  1665 | D:3      | Reached skill level 6 in Dodging
  1687 | D:3      | Found a sacrificial altar of Ru.
  1749 | D:3      | Reached skill level 5 in Long Blades
  2049 | D:3      | Found a faded altar of an unknown god.
  2316 | D:4      | Killed from afar by an orc priest

Skill      XL: |  1  2  3  4  5 |
---------------+----------------+-----
Long Blades    | 4 5 |  5.4
Dodging        | 5 6 |  6.5
Fighting       | |  3.2
Stealth        | |  2.1

Action                   |  1- 3 |  4- 6 || total
-------------------------+-------+-------++-------
Melee: Falchion          |    96 |   114 ||   210
  Use: Scroll            |       |     7 ||     7
       Potion            |       |     3 ||     3
 Stab: Sleeping          |     5 |     3 ||     8
  Eat: Chunk             |       |     4 ||     4
Armor: Robe              |     4 |       ||     4
       Swamp dragon scal |    31 |    12 ||    43
       Skin              |       |    17 ||    17
       Leather armour    |       |     3 ||     3
Dodge: Dodged            |    76 |    86 ||   162
       Rpst.: Falchion   |    21 |    27 ||    48
